 Dungeon Crawl Stone Soup version 0.31-a0-845-g9abc20d24f (webtiles) character file.

Game seed: 15117335078887388537

940 DocEon the Thaumaturge (level 7, -10/36 HPs)
             Began as a Deep Elf Air Elementalist on Oct 3, 2023.
             Mangled by a two-headed ogre
             ... wielding a +0 giant spiked club
              (31 damage)
             ... on level 9 of the Dungeon.
             The game lasted 00:07:27 (5235 turns).

DocEon the Thaumaturge (Deep Elf Air Elementalist)  Turns: 5235, Time: 00:07:27

Health: -10/36     AC:  5    Str:  5    XL:     7   Next: 88%
Magic:  11/21      EV: 12    Int: 22    God:
Gold:   86         SH:  0    Dex: 15    Spells: 14/24 levels left

rFire   + . .        l - +7 dagger (drain)
rCold   . . .        (no shield)
rNeg    . . .        a - +0 robe
rPois   +            (no helmet)
rElec   .            r - +2 cloak {rCorr}
rCorr   +            (no gloves)
SInv    .            (no boots)
Will    .....        (no amulet)
Stlth   ++           h - ring of poison resistance
HPRegen 0.26/turn    g - ring of protection from fire
MPRegen 0.17/turn

%: no passive effects
@: no status effects
A: no striking features
a: no special abilities


You were on level 9 of the Dungeon.
You visited 1 branch of the dungeon, and saw 7 of its levels.

You collected 380 gold pieces.
You spent 294 gold pieces at shops.

Inventory:

Hand Weapons
 c - a +2 short sword of draining
 l - a +7 dagger of draining (weapon)
Armour
 a - a +0 robe (worn)
 r - a +2 cloak of preservation (worn)
Jewellery
 g - a ring of protection from fire (right hand)
 h - a ring of poison resistance (left hand)
 m - a ring of ice
Wands
 i - a wand of mindburst (15)
Scrolls
 k - 4 scrolls of teleportation
 n - 2 scrolls of fear
 p - 3 scrolls of revelation
 t - 2 scrolls of blinking
Potions
 b - a potion of magic
 d - 2 potions of might
 e - a potion of curing
 f - 2 potions of brilliance
 s - a potion of haste {unknown}
 u - a potion of enlightenment {unknown}


   Skills:
 - Level 2.4 Dodging
 - Level 2.4 Stealth
 * Level 9.1 Spellcasting
 + Level 5.0 Conjurations
 + Level 5.2 Air Magic


You had 14 spell levels left.
You knew the following spells:

 Your Spells              Type           Power      Damage    Failure   Level
a - Shock                 Conj/Air       100%       1d9       1%          1
b - Static Discharge      Conj/Air       64%        2-5/arc   1%          2
c - Swiftness             Air            32%        N/A       2%          3
d - Airstrike             Air            16%        2d(3-19)  8%          4

Your spell library contained the following spells:

 Spells                   Type           Power      Damage    Failure   Level
 Scorch                   Fire           20%        2d5       10%         2
 Flame Wave               Conj/Fire      21%        2d8       24%         4
 Anguish                  Hex/Necr       5%         N/A       54%         4
 Cause Fear               Hex            5%         N/A       54%         4
 Summon Cactus Giant      Summ           5%         N/A       100%        6
 Enfeeble                 Hex            5%         N/A       100%        7


Dungeon Overview and Level Annotations

Branches:
Dungeon (6/15)
 Temple: D:4-7

Altars:
Qazlal

Shops:
D:1 *   D:4 ??[(

Annotations:
D:6 Prince Ribbit


Message History

The two-headed ogre is lightly wounded.
The zap hits the two-headed ogre!
The two-headed ogre is moderately wounded.
The zap hits the hornet.
The hornet is lightly wounded.
Casting: Shock (safe; 1% risk of failure)
Confirm with . or Enter, or press ? or * to list all spells.
You can't see any susceptible monsters within range! (Use Z to cast anyway.)
The zap hits the two-headed ogre.
The two-headed ogre is moderately wounded.
Casting: Shock (safe; 1% risk of failure)
Confirm with . or Enter, or press ? or * to list all spells.
The two-headed ogre is struck by an arc of lightning.
The two-headed ogre is moderately wounded.
You are struck by an arc of lightning.
The lightning grounds out.
The hornet closely misses you.
The two-headed ogre hits you with a +0 giant spiked club!
The two-headed ogre barely misses you.
Casting: Static Discharge (safe; 1% risk of failure)
Confirm with . or Enter, or press ? or * to list all spells.
The hornet is struck by an arc of lightning.
The hornet is moderately wounded.
The two-headed ogre is struck by an arc of lightning.
The two-headed ogre is heavily wounded.
The hornet is struck by an arc of lightning.
The hornet is moderately wounded.
The two-headed ogre is struck by an arc of lightning.
The two-headed ogre is heavily wounded.
The lightning grounds out.
The two-headed ogre is struck by an arc of lightning.
The two-headed ogre is heavily wounded.
The hornet is struck by an arc of lightning.
The hornet is heavily wounded.
The two-headed ogre is struck by an arc of lightning.
The two-headed ogre is severely wounded.
You are struck by an arc of lightning.
The lightning grounds out.
The hornet barely misses you. x2
The two-headed ogre hits you with a +0 giant spiked club!!
Ouch! That really hurt!
You die...

######## ##### #......#
##...## #.####.#
########.....######.####.#
#......#..y...........##.#
#.......O@.######.#.##.#
#.##.##...## #.#.##.# ...
##### #......# ##.†
###.#### #O. #....# ...
####.# ##.# #.# y. #.# #.#


You could see a two-headed ogre and a hornet.

Vanquished Creatures
  A wraith (D:9)
  Menkaure (D:6)
  A water moccasin (D:5)
  2 scorpions
  A howler monkey (D:9)
  3 hounds
  A jelly (D:4)
  An orc priest (D:3)
  Crazy Yiuf (D:3)
  An orc wizard (D:5)
  A gnoll (D:1)
  6 adders
  4 worms
  3 dart slugs
  13 orcs
  7 ball pythons
  11 endoplasms
  10 giant cockroaches
  8 goblins
  10 hobgoblins
  6 jackals
  3 quokkas
  3 bats
  7 frilled lizards
  15 kobolds
  7 rats
127 creatures vanquished.

Notes
Turn   | Place    | Note
-------+----------+-------------------------------------------
     0 | D:1      | DocEon the Deep Elf Air Elementalist began the quest for
                  | the Orb.
     0 | D:1      | Reached XP level 1. HP: 10/10 MP: 6/6
   121 | D:1      | Reached XP level 2. HP: 15/15 MP: 1/8
   124 | D:1      | Learned a level 2 spell: Static Discharge
   235 | D:1      | Found Zidiemes's General Store.
   308 | D:1      | Reached skill level 4 in Spellcasting
   533 | D:1      | Reached XP level 3. HP: 16/19 MP: 5/10
   542 | D:1      | Learned a level 3 spell: Swiftness
  1301 | D:2      | Found a faded altar of an unknown god.
  1423 | D:2      | Found a stormy altar of Qazlal.
  1449 | D:2      | Reached skill level 5 in Spellcasting
  1509 | D:2      | Reached XP level 4. HP: 24/24 MP: 11/13
  1514 | D:2      | Learned a level 4 spell: Airstrike
  2277 | D:3      | Reached XP level 5. HP: 14/28 MP: 6/15
  2995 | D:3      | Found a runed translucent door.
  2996 | D:3      | Noticed Crazy Yiuf
  3008 | D:3      | Killed Crazy Yiuf
  3009 | D:3      | Reached skill level 6 in Spellcasting
  3176 | D:4      | Found Asaik's Armour Emporium.
  3708 | D:4      | Found Sequete's Weapon Shop.
  3741 | D:4      | Reached XP level 6. HP: 19/32 MP: 8/17
  3916 | D:4      | Found Zeni's Magic Scroll Shop.
  3931 | D:4      | Bought a scroll of teleportation for 36 gold pieces
  3931 | D:4      | Bought a scroll of fear for 48 gold pieces
  4077 | D:4      | Found Gorrew's Magic Scroll Boutique.
  4080 | D:4      | Bought a scroll of blinking for 105 gold pieces
  4080 | D:4      | Bought a scroll of revelation for 105 gold pieces
  4143 | D:5      | Entered Level 5 of the Dungeon
  4147 | D:5      | Reached skill level 7 in Spellcasting
  4194 | D:5      | Noticed a water moccasin
  4201 | D:5      | Killed a water moccasin
  4484 | D:5      | Reached XP level 7. HP: 31/36 MP: 14/20
  4831 | D:6      | Noticed Prince Ribbit
  4840 | D:6      | Noticed Menkaure
  4851 | D:6      | Killed Menkaure
  4852 | D:6      | Reached skill level 8 in Spellcasting
  5092 | D:6      | You fall into a shaft and drop 3 floors!
  5148 | D:9      | Noticed a wraith
  5161 | D:9      | Killed a wraith
  5162 | D:9      | Reached skill level 9 in Spellcasting
  5162 | D:9      | Reached skill level 5 in Air Magic
  5225 | D:9      | Reached skill level 5 in Conjurations
  5225 | D:9      | Noticed a two-headed ogre
  5226 | D:9      | Noticed a hornet
  5235 | D:9      | Mangled by a two-headed ogre

Illustrated notes

Levels and vault maps discovered:
D:1:      psy_arrival_fountain, layout_basic, serial_shops, shop,
          minmay_distorted
D:2:      layout_rooms, basic_altar, ebering_ecumenical_altar_box,
          minmay_misc_feat_tiny
D:3:      layout_basic, hangedman_decor_peaks_small, uniq_crazy_yiuf_cottage
D:4:      layout_gridville, nicolae_overflow_hidden_temple, serial_shops,
          nicolae_shop_bloodbath_and_beyond, shop, shop, shop,
          grunt_decor_junction
D:5:      layout_basic
D:6:      layout_layer_cave, ebering_ghost_sewer_f, small_statue_intersection,
          uniq_menkaure, uniq_jeremiah, uniq_eustachio, uniq_prince_ribbit1
D:9:      layout_loops_cross

Skill      XL: |  1  2  3  4  5  6  7 |
---------------+----------------------+-----
Spellcasting   | 4 5 6 7 9 |  9.1
Conjurations   | 2 3 4 5 |  5.0
Air Magic      | 4 5 |  5.2
Dodging        | |  2.4
Stealth        | |  2.4

Action                     |  1- 3 |  4- 6 |  7- 9 || total
---------------------------+-------+-------+-------++-------
  Melee: Short sword       |       |     2 |       ||     2
         Dagger            |       |     5 |     2 ||     7
         Punch             |       |     1 |       ||     1
   Cast: Shock             |    68 |   158 |    37 ||   263
         Static Discharge  |     4 |    10 |     9 ||    23
         Airstrike         |       |     1 |       ||     1
  Evoke: Wand              |       |       |     3 ||     3
    Use: Scroll            |     2 |     8 |     3 ||    13
         Potion            |       |       |     1 ||     1
 Armour: Robe              |    10 |    17 |    11 ||    38
  Dodge: Dodged            |    10 |    15 |    14 ||    39

Table legend: (Time is in decaauts)
 A = Elapsed time spent in this place.
 B = Non-inter-level travel time spent in this place.
 C = Inter-level travel time spent in this place.
 D = Time resting spent in this place.
 E = Time spent auto-exploring this place.
 F = Levels seen in this place.
 G = Mean time per level.
                   A        B        C        D        E       F      G
               +--------+--------+--------+--------+--------+-----+--------+
         Total |   5238 |   5115 |    123 |    668 |   3839 |   7 |  748.3 |
       Dungeon |   5238 |   5115 |    123 |    668 |   3839 |   7 |  748.3 |
               +--------+--------+--------+--------+--------+-----+--------+

Top non-repeatable levels by time:
     D:1: 1248 daAuts
     D:3: 1141 daAuts
     D:4: 1062 daAuts
     D:5: 773 daAuts
     D:2: 688 daAuts
     D:6: 175 daAuts
     D:9: 148 daAuts
